 Seeded DCSS version 0.30-a0-972-gf3ab3527aa (webtiles) character file.

Game seed: 18365338449363580149 (custom seed)

100 retardedninja the Covered (level 4, -1/40 HPs)
             Began as an Armataur Fighter on Mar 31, 2023.
             Succumbed to a kobold brigand's poison
             ... on level 3 of the Dungeon.
             The game lasted 00:03:29 (2175 turns).

retardedninja the Covered (Armataur Fighter)        Turns: 2175, Time: 00:03:30

Health: -1/40      AC: 13    Str: 21    XL:     4   Next: 46%
Magic:  4/4        EV:  5    Int:  9    God:
Gold:   786        SH:  4    Dex: 11    Spells: 3/3 levels left

rFire   . . .      SeeInvis .    a - +0 long sword
rCold   . . .      Faith    .    c - +0 buckler
rNeg    . . .      Spirit   .    b - +0 scale mail
rPois   .          Reflect  .    (no helmet)
rElec   .          Roll     +    (no cloak)
rCorr   .                        (no gloves)
Will    .....                    n - +2 barding {Fly} Stlth
                                 (no amulet)
HPRegen 0.26/turn                (no ring)
MPRegen 0.09/turn                (no ring)

@: mighty, lethally poisoned (-1 -> -19), flying
A: large, rugged brown scales 3, deformed body, armoured tail, roll, long
tongue, awkward tongue
a: no special abilities


You were on level 3 of the Dungeon.
You visited 1 branch of the dungeon, and saw 3 of its levels.

You collected 786 gold pieces.

Inventory:

Hand Weapons
 a - a +0 long sword (weapon)
Armour
 b - a +0 scale mail (worn)
 c - a +0 buckler (worn)
 n - a +2 barding of flying (worn)
Jewellery
 i - a ring of see invisible
Wands
 k - a wand of digging (5)
Scrolls
 f - a scroll of silence {unknown}
 g - a scroll of torment
 h - a scroll of vulnerability
 j - a scroll of noise
 l - a scroll of amnesia
Potions
 d - a potion of might


   Skills:
 + Level 3.2 Fighting
 * Level 2.9 Long Blades
 + Level 4.3 Armour
 + Level 4.0 Shields


You had 3 spell levels left.
You didn't know any spells.
Your spell library was empty.

Dungeon Overview and Level Annotations

Branches:
Dungeon (3/15)

Altars:
Vehumet


Innate Abilities, Weirdness & Mutations

You are completely covered in rugged brown scales. (AC +3, +7% HP)
Armour fits poorly on your strangely shaped body.
You have a long armoured tail.
You roll when moving toward enemies. (Rampage)
Your long tongue fully drains potion bottles. (2x potion effects)
Your tongue gives you trouble enunciating. (1.5x scroll delay)


Message History

You feel sick. The orc hits you but does no damage. You block the orc's attack.
The adder bites you but does no damage.
Things that are here:
a +0 heavy flail; a +0 scale mail; an orc corpse You barely miss the adder.
You feel sick. You block the adder's attack. The orc barely misses you.
A kobold brigand comes into view.
It is wielding a +0 long sword and quivering poisoned darts.
The orc hits you but does no damage. The adder barely misses you.
The orc hits you but does no damage. x2
The kobold brigand shouts!
You slash the adder!
The adder is almost dead.
You feel sick. The adder bites you.
You are more poisoned.
The adder poisons you! The orc hits you with a +0 short sword.
* * * LOW HITPOINT WARNING * * *
You block the orc's attack. You block the adder's attack.
Okay, then.
You barely miss the adder.
The adder is almost dead.
You feel sick. You block the adder's attack.
The orc hits you but does no damage.
The kobold brigand throws a poisoned dart.
The poisoned dart hits you!
You are lethally poisoned!
The orc hits you with a +0 flail.
* * * LOW HITPOINT WARNING * * *
Unknown command.
Okay, then.
You hit the adder.
You kill the adder!
* * * LOW HITPOINT WARNING * * *
You feel very sick.
The kobold brigand throws a poisoned dart.
The poisoned dart hits you!
You are more poisoned.
The orc barely misses you. The orc hits you but does no damage. x3
Your Shields skill increases to level 4!
Unknown command.
You die...

..###.....<.........########...
.. ##....##.######.########...
#. ....<...######...)...#....
#. ............#####......# ##
.............## #......#
.............###......#
...........##..##..##
............#.#.......
.......@o.......#####.
.......)........#
.......)o...........
..........#.#........
..##.....##.###...... .
...#......# #...>. .K....$....#
#.... ............. ..[.
............. ##


You could see a kobold brigand and 2 orcs.

Vanquished Creatures
  An orc wizard (D:3)
  2 adders (D:3)
  A worm (D:2)
  A dart slug (D:2)
  An orc (D:3)
  3 endoplasms
  A giant cockroach (D:2)
  8 goblins
  4 hobgoblins
  3 jackals (D:1)
  A quokka (D:2)
  3 ball pythons
  7 bats
  5 frilled lizards
  5 kobolds
  2 rats
48 creatures vanquished.

Notes
Turn   | Place    | Note
-------+----------+-------------------------------------------
     0 | D:1      | retardedninja the Armataur Fighter began the quest for the
                  | Orb.
     0 | D:1      | Reached XP level 1. HP: 19/19 MP: 1/1
   386 | D:1      | Reached XP level 2. HP: 26/26 MP: 2/2
  1403 | D:2      | Found a radiant altar of Vehumet.
  1432 | D:2      | Reached XP level 3. HP: 33/33 MP: 3/3
  1707 | D:2      | Found a faded altar of an unknown god.
  1732 | D:2      | Identified the +0 scale mail "Firgh" {Harm Will+ rCorr}
  1989 | D:2      | Identified 2 scrolls of acquirement
  1989 | D:2      | Acquired a +2 barding of flying
  1991 | D:2      | Acquired 679 gold pieces
  2169 | D:3      | Reached XP level 4. HP: 22/40 MP: 4/4
  2171 | D:3      | Noticed a kobold brigand
  2175 | D:3      | Succumbed to a kobold brigand's poison

Illustrated notes

Levels and vault maps discovered:
D:1:      co_arrival_random_square_maze, layout_basic, serial_glass,
          glass_columns_a, glass_columns_b, due_unseen_surprise
D:2:      layout_basic, shapermc_ecumenical_altar_starsandcircs, basic_altar,
          minmay_misc_feat_doors
D:3:      layout_rooms, grunt_temple_overflow_bloody_war, minitemple,
          small_statue_intersection

Skill      XL: |  1  2  3  4 |
---------------+-------------+-----
Long Blades    | 2 |  2.9
Armour         | 4 |  4.3
Fighting       | 3 |  3.2
Shields        | 4 |  4.0

Action                     |  1- 3 |  4- 6 || total
---------------------------+-------+-------++-------
  Melee: Long sword        |   132 |     5 ||   137
         Tailslap          |     9 |       ||     9
    Use: Scroll            |     6 |       ||     6
         Potion            |     1 |       ||     1
 Armour: Scale mail        |    71 |    10 ||    81
  Dodge: Dodged            |    43 |     5 ||    48
  Block: Buckler           |    23 |     5 ||    28

Table legend: (Time is in decaauts)
 A = Elapsed time spent in this place.
 B = Non-inter-level travel time spent in this place.
 C = Inter-level travel time spent in this place.
 D = Time resting spent in this place.
 E = Time spent auto-exploring this place.
 F = Levels seen in this place.
 G = Mean time per level.
                   A        B        C        D        E       F      G
               +--------+--------+--------+--------+--------+-----+--------+
         Total |   2220 |   2174 |     46 |    494 |   1346 |   3 |  740.0 |
       Dungeon |   2220 |   2174 |     46 |    494 |   1346 |   3 |  740.0 |
               +--------+--------+--------+--------+--------+-----+--------+

Top non-repeatable levels by time:
     D:1: 1087 daAuts
     D:2: 972 daAuts
     D:3: 160 daAuts
